 Dungeon Crawl Stone Soup version 0.24-a0-631-g346d576 (webtiles) character file.

Game seed: 9888421637148589285, levelgen mode: deterministic

53 DrKleor the Shield-Bearer (level 4, -8/35 HPs)
             Began as a Formicid Fighter on Sept 20, 2019.
             Killed by divine providence
             ... invoked by an orc priest
              (16 damage)
             ... on level 3 of the Dungeon.
             The game lasted 00:04:14 (1620 turns).

DrKleor the Shield-Bearer (Formicid Fighter)        Turns: 1620, Time: 00:04:15

Health: -8/35      AC:  9    Str: 22    XL:     4   Next: 10%
Magic:  4/4        EV: 11    Int:  7    God:
Gold:   73         SH: 10    Dex: 10    Spells: 3/3 levels left

rFire    . . .     SeeInvis +   a - +0 quarterstaff
rCold    . . .     Gourm    .   c - +0 shield
rNeg     . . .     Faith    .   b - +0 scale mail
rPois    .         Spirit   .   (helmet unavailable)
rElec    .         Reflect  .   (no cloak)
rCorr    .         Harm     .   h - +0 pair of gloves
MR       .....                  e - +0 pair of boots
Stlth    ..........             (no amulet)
HPRegen  0.11/turn              j - ring of teleportation (curse)
MPRegen  0.09/turn              q - +3 ring of evasion

@: no status effects
A: permanent stasis, dig shafts and tunnels, four strong arms, antennae 3
a: Dig, Shaft Self


You were on level 3 of the Dungeon.
You were hungry.

You visited 1 branch of the dungeon, and saw 3 of its levels.

You collected 73 gold pieces.

Inventory:

Hand Weapons
 a - a +0 quarterstaff (weapon)
Armour
 b - a +0 scale mail (worn)
 c - a +0 shield (worn)
 e - a +0 pair of boots (worn)
 h - a +0 pair of gloves (worn)
Jewellery
 j - a cursed ring of teleportation (left hand)
 q - a +3 ring of evasion (right hand)
 r - an uncursed ring of resist corrosion {unknown}
Scrolls
 g - a scroll of teleportation {unknown}
 i - 3 scrolls of remove curse {unknown}
 l - 2 scrolls of identify {unknown}
 o - 2 scrolls of noise {unknown}
 t - a scroll of amnesia {unknown}
Potions
 d - 2 potions of might
 k - a potion of flight {unknown}
 m - 3 potions of heal wounds {unknown}
 n - 4 potions of curing {unknown}
 p - 2 potions of agility {unknown}
 s - a potion of degeneration {unknown}
Comestibles
 f - 4 rations
 u - a chunk of flesh


   Skills:
 - Level 3.2 Fighting
 + Level 3.1 Staves
 - Level 3.2 Armour
 + Level 4.7 Shields


You had 3 spell levels left.
You didn't know any spells.
Your spell library was empty.

Dungeon Overview and Level Annotations

Branches:
Dungeon (3/15)

Altars:
Cheibriados
Elyvilon
Zin
The Shining One


Innate Abilities, Weirdness & Mutations

You cannot be hasted, slowed, berserked, paralysed or teleported.
You can dig through walls and to a lower floor.
Your four strong arms can wield two-handed weapons with a shield.
You have a pair of large antennae on your head. (SInv)


Message History

Beogh smites you!
* * * LOW HITPOINT WARNING * * *
You barely miss the orc priest.
The orc priest is severely wounded.
The orc priest hits you but does no damage.
You hit the orc priest but do no damage.
The orc priest is severely wounded.
You block the orc priest's attack. The orc priest closely misses you.
Your shield and scale mail prevent you from hitting the orc priest.
The orc priest is severely wounded.
The orc priest barely misses you.
You barely miss the orc priest.
The orc priest is severely wounded.
You block the orc priest's attack.
You hit the orc priest.
The orc priest is almost dead.
You are feeling hungry.
The orc priest mumbles some strange prayers to Beogh against you.
Beogh smites you!
You die...

........#..##.. ##.######.#
.......##..#8og #........#
...........##..######..#####
.....†.##.<##..........#
......_....##..........#
......###..#⌠###8{##8###
#..#### #..# # #{##### #..#
....#.##o# #.## .......@##
..# ##.####.# ..#.# #.#
....# #.# #.### { #.# #... {
..# ..### #.# .## #.#


You could see an orc priest.

Vanquished Creatures
  2 adders
  A worm (D:2)
  A dart slug (D:1)
  2 leopard geckos (D:2)
  An orc (D:3)
  2 giant cockroaches
  4 goblins
  4 hobgoblins
  3 kobolds
  3 bats
  A frilled lizard (D:1)
  4 rats
28 creatures vanquished.

Notes
Turn   | Place    | Note
-------+----------+-------------------------------------------
     0 | D:1      | DrKleor the Formicid Fighter began the quest for the Orb.
     0 | D:1      | Reached XP level 1. HP: 18/18 MP: 1/1
   314 | D:1      | Reached skill level 4 in Shields
   314 | D:1      | Reached XP level 2. HP: 24/24 MP: 2/2
   629 | D:1      | Found a glowing golden altar of the Shining One.
   921 | D:2      | Reached XP level 3. HP: 27/29 MP: 3/3
   940 | D:2      | Found a glowing silver altar of Zin.
  1499 | D:3      | Reached XP level 4. HP: 35/35 MP: 4/4
  1523 | D:3      | Found a snail-covered altar of Cheibriados.
  1542 | D:3      | Found a white marble altar of Elyvilon.
  1620 | D:3      | Killed from afar by an orc priest

Levels and vault maps discovered:
D:1:      eino_arrival_water_cross, layout_basic, corner_web_ring,
          tso_metal_star
D:2:      layout_basic, lemuel_doored_altar
D:3:      layout_rooms, overflow_temple_1_default, old_standard_altar,
          first_ration, serial_corexii_hall, corexii_hall_statues_l,
          chequers_hall_statues_y, chequers_hall_statues_corner_a,
          corexii_hall_statues_i, chequers_ecumenical_altar_island,
          elyvilon_altar_1

Skill      XL: |  1  2  3 |
---------------+----------+-----
Shields        | 4 |  4.7
Staves         | 3 |  3.1
Fighting       | |  3.2
Armour         | |  3.2

Action                   |  1- 3 |  4- 6 || total
-------------------------+-------+-------++-------
Melee: Quarterstaff      |    89 |    17 ||   106
 Abil: Dig               |       |     1 ||     1
  Eat: Chunk             |     1 |     1 ||     2
Armor: Scale mail        |    49 |     2 ||    51
Dodge: Dodged            |    32 |     5 ||    37
Block: Shield            |    64 |     7 ||    71

Table legend:
 A = Non-vault XP
 B = Vault XP
 C = Vault XP percentage of total XP
 D = Non-vault monster count
 E = Vault monster count
 F = Vault count percentage of total count
                 A         B        C        D         E       F
            +---------+---------+-------+---------+---------+-------
      Total |      76 |       0 |   0.0 |      28 |       0 |   0.0
            +---------+---------+-------+---------+---------+-------
        D:1 |      17 |       0 |   0.0 |      10 |       0 |   0.0
        D:2 |      41 |       0 |   0.0 |      15 |       0 |   0.0
        D:3 |      18 |       0 |   0.0 |       3 |       0 |   0.0
            +---------+---------+-------+---------+---------+-------
